 Dungeon Crawl Stone Soup version 0.31.0-1-g2c135a008e (webtiles) character file.

Game seed: 11028977637693019733

5927 qw the Skirmisher (level 11, -3/79 HPs)
             Began as a Djinni Hunter on Jan 23, 2024.
             Was a Priest of Okawaru.
             Slain by Snorg (23 damage)
             ... on level 11 of the Dungeon.
             The game lasted 00:00:43 (7284 turns).

qw the Skirmisher (Djinni Hunter)                   Turns: 7284, Time: 00:00:43

Health: -3/79      AC:  7    Str: 10    XL:     11   Next: 9%
Gold:   274        EV: 17    Int: 11    God:    Okawaru [***...] SH:  0 Dex: 21

rFire   + + .        d - +4 orcbow (heavy)
rCold   x . .        (shield currently unavailable)
rNeg    . . .        k - +3 leather armour
rPois   inf          (no helmet)
rElec   .            b - +0 cloak
rCorr   .            (no gloves)
SInv    .            (boots unavailable)
Will    ++...        (no amulet)
Stlth   +++          i - ring of willpower
HPRegen 0.33/turn    (no ring)
MPRegen 0.00/turn

%: infuse magic (-4 HP)
@: about to teleport, finesse-ful, flying
A: sickness immunity, fire resistance 2, cold vulnerability 1, float, innate
caster, HP casting, extra vitality 1, fangs 1, camouflage 1
a: Renounce Religion, Heroism


You were on level 11 of the Dungeon.
You worshipped Okawaru.
Okawaru was most pleased with you.
You visited 2 branches of the dungeon, and saw 12 of its levels.

You collected 274 gold pieces.


Innate Abilities, Weirdness & Mutations

You are immune to sickness and miasma.
You are immune to poison.
Your flesh is very heat resistant. (rF++)
You are vulnerable to cold. (rC-)
You float through the air rather than walking.
You learn spells naturally, not from books.
Your magical power is your life essence.
You have superior vitality. (+4 MHP)
You have very sharp teeth.
Your skin changes colour to match your surroundings (Stealth+).


   Skills:
 - Level 7.1 Fighting
 + Level 9.6 Ranged Weapons
 - Level 4.2 Armour
 - Level 8.0 Dodging
 - Level 0.7 Stealth
 - Level 4.7 Invocations


You knew the following spells:

 Your Spells              Type           Power      Damage    Failure   Level
a - Shock                 Conj/Air       0%         1d3       43%         1
b - Mercury Vapours       Alch/Air       0%         N/A       56%         2
c - Searing Ray           Conj           0%         2d4       56%         2
d - Fulminant Prism       Conj/Alch      0%         3d5       99%         4
e - Iskenderun's Mystic   Conj/Tloc      0%         2d3       99%         4
Your spell library was empty.

Inventory:

Hand Weapons
 d - a +4 heavy orcbow (weapon)
Armour
 b - a +0 cloak (worn)
 k - a +3 leather armour (worn)
Jewellery
 i - a ring of willpower (left hand)
Wands
 c - a wand of polymorph (9)
 f - a wand of iceblast (6)
Scrolls
 e - 3 scrolls of teleportation
Potions
 a - a potion of resistance
 g - a potion of enlightenment
 h - 3 potions of curing
 l - a potion of cancellation {unknown}

Dungeon Overview and Level Annotations

Branches:
Dungeon (12/15)            Temple (1/1) D:6
   Lair: D:8-11         Orc: D:9-12

Altars:
Ashenzari
Cheibriados
Dithmenos
Elyvilon
Gozag
Hepliaklqana
Makhleb
Nemelex Xobeh
Okawaru
Qazlal
Ru
Trog
Uskayaw
Wu Jian
Xom
Yredelemnul
Zin
The Shining One

Shops:
D:2 [   D:8 (

Portals:
Trove: D:12 (lose all piety)

Annotations:
D:4 2 transporters, qw's ghost, amateur GrHu
D:11 Snorg


Message History

The centaur is almost dead.
The centaur misses you. The centaur completely misses you.
You shoot an arrow. The arrow barely misses the centaur.
The arrow hits the centaur!!
You kill the centaur!
Okawaru accepts your kill. The centaur misses you.
The centaur completely misses you.
A yak comes into view.
A deep elf pyromancer comes into view.
It is wielding a +0 long sword of protection.
The centaur completely misses you. x2
The deep elf pyromancer gestures at you while chanting.
The bolt of fire hits you. You resist.
You shoot an arrow. The arrow hits the centaur!
You kill the centaur!
Okawaru accepts your kill.
You shoot an arrow.
The arrow completely misses the deep elf pyromancer.
The yak misses you.
The deep elf pyromancer mumbles some strange words.
The deep elf pyromancer blinks!
You shoot an arrow. The arrow completely misses the yak.
The arrow closely misses the kobold.
The yak completely misses you.
You shoot an arrow. The arrow barely misses Snorg.
The yak gores you but does no damage.
Snorg goes berserk!
7282 ||| INVOKING Finesse.
You fail to use your ability.
Snorg completely misses you. Snorg closely misses you. Snorg misses you.
The yak misses you.
The deep elf pyromancer gestures wildly while chanting.
Snorg misses you. Snorg claws you but does no damage. Snorg claws you!
7283 ||| INVOKING Finesse.
You can now deal lightning-fast blows.
You can no longer speed up your combat.
You feel like a meek peon again. Snorg barely misses you. Snorg claws you!
Snorg claws you. The yak gores you.
7284 ||| READING 4 scrolls of teleportation.
As you read the scroll of teleportation, it crumbles to dust.
You feel strangely unstable. Snorg bites you!!
You die...

..
..#
.#
#.# .
#.#
#.#.#
.#.##


.YK #Y# #@# #T# Ee# #### You could see Snorg (berserk), a deep elf pyromancer, 2
yaks, a fire elemental (summoned) and a kobold.

Vanquished Creatures
  A two-headed ogre (D:8)
  A komodo dragon (D:8)
  Grinder (D:4)
  14 yaks
  A vampire (D:11)
  Duvessa (D:6)
  An acid dragon (D:6)
  A water moccasin (D:8)
  An orc warrior (D:7)
  An ice beast (D:5)
  A black bear (D:5)
  3 centaurs (D:11)
  2 bullfrogs (D:8)
  2 scorpions
  6 wights
  Dowan (D:6)
  3 killer bees (D:8)
  An electric eel (D:6)
  2 howler monkeys
  A bombardier beetle (D:5)
  3 jellies
  4 orc priests
  4 hounds
  A gnoll bouda (D:8)
  3 sleepcaps
  6 iguanas
  6 orc wizards
  A killer bee zombie (D:7)
  A howler monkey zombie (D:7)
  7 gnolls
  5 adders
  A shadow imp (D:7)
  A white imp (D:7)
  2 ufetubi (D:5)
  A dart slug (D:4)
  4 ribbon worms
  22 orcs
  2 ball pythons
  10 endoplasms
  12 giant cockroaches
  6 goblins
  6 hobgoblins
  6 kobolds
  5 quokkas
  3 bats
  5 rats
172 creatures vanquished.

Notes
Turn   | Place    | Note
-------+----------+-------------------------------------------
     0 | D:1      | qw the Djinni Hunter began the quest for the Orb.
     0 | D:1      | Reached XP level 1. HP: 18/18 MP: 0/0
     0 | D:1      | 0 ||| qw: Version: 0.3-a-135-gb77e89d
     0 | D:1      | 0 ||| qw: Game counter: 896
     0 | D:1      | 0 ||| qw: Melee chars always use a shield: true
     0 | D:1      | 0 ||| qw: God list: Okawaru
     0 | D:1      | 0 ||| qw: Allow faded altars: false
     0 | D:1      | 0 ||| qw: Do Orc after clearing Dungeon:15 true
     0 | D:1      | 0 ||| qw: Do second Lair branch before Depths: true
     0 | D:1      | 0 ||| qw: Lair rune preference: random
     0 | D:1      | 0 ||| qw: Goals: Normal
     0 | D:1      | 0 ||| PLANNING D:1-11
    43 | D:1      | Reached XP level 2. HP: 23/23 MP: 0/0
   269 | D:1      | Reached skill level 4 in Ranged Weapons
   269 | D:1      | Reached XP level 3. HP: 28/28 MP: 0/0
   269 | D:1      | Learned a level 1 spell: Shock
   383 | D:1      | 383 ||| READING scroll labelled EPRIONWUA FUGG.
   388 | D:1      | 388 ||| READING 3 scrolls labelled BISHRU ILLERPHIFU.
   440 | D:1      | 440 ||| READING 2 scrolls labelled ATZUUBU WUARYC.
   440 | D:1      | 440 ||| IDENTIFYING coppery potion
   441 | D:1      | 441 ||| READING scroll of identify.
   441 | D:1      | 441 ||| IDENTIFYING scroll labelled JUULOO DEH EPAO
   442 | D:1      | 442 ||| READING scroll labelled SICKENERADD.
   442 | D:1      | Identified a scroll of acquirement
   442 | D:1      | 442 ||| ACQUIRING +3 heavy orcbow
   442 | D:1      | Acquired a +3 heavy orcbow
   444 | D:1      | 444 ||| SWAPPING to +3 heavy orcbow.
   445 | D:1      | 445 ||| DROPPING +0 shortbow.
   446 | D:1      | 446 ||| DROPPING scroll of butterflies.
   447 | D:1      | 447 ||| DROPPING 2 scrolls of torment.
   448 | D:1      | 448 ||| DROPPING scroll of silence.
   449 | D:1      | 449 ||| DROPPING potion of lignification.
   699 | D:2      | Found Feir's Armour Boutique.
   707 | D:2      | 707 ||| SHOPLISTING +0 pair of gloves (54 gold, have 44).
   707 | D:2      | 707 ||| SHOPLISTING +0 ring mail (48 gold, have 44).
  1083 | D:2      | 1083 ||| UPGRADING to +0 cloak.
  1088 | D:2      | 1088 ||| READING scroll of identify.
  1088 | D:2      | 1088 ||| IDENTIFYING fuming ruby potion
  1089 | D:2      | 1089 ||| READING scroll labelled NADOAM ELEGOAPH.
  1090 | D:2      | 1090 ||| DROPPING potion of degeneration.
  1170 | D:3      | Found a broken altar of Ashenzari.
  1173 | D:3      | Reached XP level 4. HP: 34/34 MP: 0/0
  1178 | D:3      | Reached skill level 3 in Fighting
  1754 | D:3      | Reached skill level 3 in Dodging
  1859 | D:3      | Found a faded altar of an unknown god.
  1860 | D:3      | 1860 ||| UPGRADING to +0 ring mail.
  1870 | D:3      | 1870 ||| DROPPING +0 leather armour.
  1871 | D:3      | 1871 ||| UPGRADING to ring of willpower.
  1872 | D:3      | 1872 ||| READING scroll of identify.
  1872 | D:3      | 1872 ||| IDENTIFYING scroll labelled TASEESS JUMAU
  1873 | D:3      | 1873 ||| READING scroll labelled XEUTOU BIOTA.
  1874 | D:3      | 1874 ||| DROPPING scroll of noise.
  2003 | D:4      | Noticed Grinder
  2006 | D:4      | Paralysed by Grinder for 2 turns
  2007 | D:4      | Killed Grinder
  2008 | D:4      | Reached XP level 5. HP: 36/40 MP: 0/0
  2008 | D:4      | Learned a level 2 spell: Mercury Vapours
  2008 | D:4      | Reached XP level 6. HP: 42/46 MP: 0/0
  2195 | D:4      | Noticed qw's ghost (amateur GrHu)
  2196 | D:4      | Found a transporter.
  2196 | D:4      | Noticed an ogre
  2196 | D:4      | Noticed an ogre
  2209 | D:4      | Found a transporter.
  2279 | D:4      | 2279 ||| READING 3 scrolls of identify.
  2279 | D:4      | 2279 ||| IDENTIFYING fuming purple potion
  2280 | D:4      | 2280 ||| READING 2 scrolls of identify.
  2280 | D:4      | 2280 ||| IDENTIFYING pink potion
  2281 | D:4      | 2281 ||| READING scroll of identify.
  2281 | D:4      | 2281 ||| IDENTIFYING cyan potion
  2282 | D:4      | 2282 ||| DRINKING potion of mutation.
  2282 | D:4      | Gained mutation: Your skin changes colour to match your
                  | surroundings (Stealth+). [potion of mutation]
  2282 | D:4      | Gained mutation: You have very sharp teeth. [potion of
                  | mutation]
  2283 | D:4      | 2283 ||| READING scroll labelled KEINLU QIEFIAR.
  2283 | D:4      | 2283 ||| ENCHANTING +3 heavy orcbow.
  2284 | D:4      | 2284 ||| READING scroll labelled KUONUUXTUXIO.
  2285 | D:4      | 2285 ||| DROPPING potion of brilliance.
  2305 | D:5      | Entered Level 5 of the Dungeon
  2391 | D:5      | Reached XP level 7. HP: 49/50 MP: 0/0
  2391 | D:5      | Learned a level 2 spell: Searing Ray
  2486 | D:5      | 2486 ||| FLEEEEING.
  2551 | D:5      | Reached skill level 5 in Ranged Weapons
  2574 | D:5      | 2574 ||| FLEEEEING.
  2575 | D:5      | 2575 ||| FLEEEEING.
  2576 | D:5      | 2576 ||| FLEEEEING.
  2577 | D:5      | 2577 ||| FLEEEEING.
  2578 | D:5      | 2578 ||| FLEEEEING.
  2579 | D:5      | 2579 ||| FLEEEEING.
  2580 | D:5      | 2580 ||| FLEEEEING.
  2581 | D:5      | 2581 ||| FLEEEEING.
  2582 | D:5      | 2582 ||| FLEEEEING.
  2583 | D:5      | 2583 ||| FLEEEEING.
  2584 | D:5      | 2584 ||| FLEEEEING.
  2585 | D:5      | 2585 ||| FLEEEEING.
  2586 | D:5      | 2586 ||| FLEEEEING.
  2587 | D:5      | 2587 ||| FLEEEEING.
  2588 | D:5      | 2588 ||| FLEEEEING.
  2589 | D:5      | 2589 ||| FLEEEEING.
  2590 | D:5      | 2590 ||| FLEEEEING.
  2591 | D:5      | 2591 ||| FLEEEEING.
  2594 | D:5      | 2594 ||| FLEEEEING.
  2595 | D:5      | 2595 ||| FLEEEEING.
  2597 | D:5      | 2597 ||| FLEEEEING.
  2598 | D:5      | 2598 ||| FLEEEEING.
  2599 | D:5      | 2599 ||| FLEEEEING.
  2601 | D:5      | 2601 ||| FLEEEEING.
  2602 | D:5      | 2602 ||| FLEEEEING.
  2603 | D:5      | 2603 ||| FLEEEEING.
  2604 | D:5      | 2604 ||| FLEEEEING.
  2605 | D:5      | 2605 ||| FLEEEEING.
  2606 | D:5      | 2606 ||| FLEEEEING.
  2607 | D:5      | 2607 ||| FLEEEEING.
  2608 | D:5      | 2608 ||| FLEEEEING.
  2609 | D:5      | 2609 ||| FLEEEEING.
  2610 | D:5      | 2610 ||| FLEEEEING.
  2611 | D:5      | 2611 ||| FLEEEEING.
  2612 | D:5      | 2612 ||| FLEEEEING.
  2613 | D:5      | 2613 ||| FLEEEEING.
  2614 | D:5      | 2614 ||| STAIRDANCE
  2695 | D:5      | 2695 ||| STAIRDANCE
  2744 | D:5      | 2744 ||| FLEEEEING.
  2745 | D:5      | 2745 ||| FLEEEEING.
  2746 | D:5      | 2746 ||| FLEEEEING.
  2747 | D:5      | 2747 ||| FLEEEEING.
  2748 | D:5      | 2748 ||| FLEEEEING.
  2782 | D:5      | Reached XP level 8. HP: 58/58 MP: 0/0
  2895 | D:5      | Reached skill level 6 in Ranged Weapons
  3283 | D:5      | 3283 ||| FLEEEEING.
  3284 | D:5      | 3284 ||| FLEEEEING.
  3309 | D:5      | 3309 ||| READING 3 scrolls labelled UDDEW DATIDEGY.
  3310 | D:5      | 3310 ||| DROPPING 2 scrolls of poison.
  3386 | D:6      | HP: 13/58 [orc/+0 dagger (2)]
  3387 | D:6      | 3387 ||| READING 3 scrolls of teleportation.
  3388 | D:6      | HP: 5/58 [orc/+0 dagger (2)]
  3621 | D:6      | Found a white marble altar of Elyvilon.
  3760 | D:6      | Found a staircase to the Ecumenical Temple.
  3761 | D:6      | 3761 ||| PLANNING TEMPLE
  3761 | D:6      | 3761 ||| READING scroll labelled EDWAET ZANI.
  3762 | D:6      | 3762 ||| DRINKING 2 glowing pink potions.
  3763 | D:6      | 3763 ||| FLEEEEING.
  3764 | D:6      | 3764 ||| FLEEEEING.
  3765 | D:6      | 3765 ||| DROPPING potion of magic.
  3767 | D:6      | 3767 ||| FLEEEEING.
  3768 | D:6      | 3768 ||| FLEEEEING.
  3769 | D:6      | 3769 ||| FLEEEEING.
  3770 | D:6      | 3770 ||| FLEEEEING.
  3771 | D:6      | 3771 ||| FLEEEEING.
  3774 | D:6      | 3774 ||| FLEEEEING.
  3776 | D:6      | 3776 ||| FLEEEEING.
  3788 | D:6      | 3788 ||| FLEEEEING.
  3789 | D:6      | 3789 ||| FLEEEEING.
  3790 | D:6      | 3790 ||| FLEEEEING.
  3791 | D:6      | 3791 ||| FLEEEEING.
  3792 | D:6      | 3792 ||| FLEEEEING.
  3794 | D:6      | 3794 ||| FLEEEEING.
  3796 | D:6      | 3796 ||| FLEEEEING.
  3798 | D:6      | 3798 ||| FLEEEEING.
  3800 | D:6      | 3800 ||| FLEEEEING.
  3801 | D:6      | 3801 ||| FLEEEEING.
  3804 | D:6      | 3804 ||| FLEEEEING.
  3805 | D:6      | 3805 ||| FLEEEEING.
  3806 | D:6      | 3806 ||| FLEEEEING.
  3807 | D:6      | 3807 ||| FLEEEEING.
  3808 | D:6      | 3808 ||| FLEEEEING.
  3809 | D:6      | 3809 ||| FLEEEEING.
  3810 | D:6      | 3810 ||| FLEEEEING.
  3811 | D:6      | 3811 ||| FLEEEEING.
  3812 | D:6      | 3812 ||| FLEEEEING.
  3813 | D:6      | 3813 ||| FLEEEEING.
  3814 | D:6      | 3814 ||| FLEEEEING.
  3815 | D:6      | 3815 ||| FLEEEEING.
  3816 | D:6      | 3816 ||| FLEEEEING.
  3817 | D:6      | 3817 ||| FLEEEEING.
  3818 | D:6      | 3818 ||| FLEEEEING.
  3819 | D:6      | 3819 ||| FLEEEEING.
  3820 | D:6      | 3820 ||| FLEEEEING.
  3821 | D:6      | 3821 ||| FLEEEEING.
  3822 | D:6      | 3822 ||| FLEEEEING.
  3823 | D:6      | 3823 ||| FLEEEEING.
  3824 | D:6      | 3824 ||| FLEEEEING.
  3825 | D:6      | 3825 ||| FLEEEEING.
  3826 | D:6      | 3826 ||| FLEEEEING.
  3827 | D:6      | 3827 ||| FLEEEEING.
  3828 | D:6      | 3828 ||| FLEEEEING.
  3829 | D:6      | 3829 ||| FLEEEEING.
  3830 | D:6      | 3830 ||| FLEEEEING.
  3831 | D:6      | 3831 ||| FLEEEEING.
  3832 | D:6      | 3832 ||| FLEEEEING.
  3833 | D:6      | 3833 ||| STAIRDANCE
  3876 | Temple   | Entered the Ecumenical Temple
  3877 | Temple   | 3877 ||| PLANNING OKAWARU WORSHIP
  3898 | Temple   | Became a worshipper of Warmaster Okawaru
  3899 | Temple   | 3899 ||| PLANNING D:1-11
  3936 | D:6      | Reached skill level 7 in Ranged Weapons
  4018 | D:6      | 4018 ||| FLEEEEING.
  4019 | D:6      | 4019 ||| FLEEEEING.
  4020 | D:6      | 4020 ||| FLEEEEING.
  4021 | D:6      | 4021 ||| FLEEEEING.
  4022 | D:6      | 4022 ||| FLEEEEING.
  4030 | D:6      | Noticed Duvessa
  4031 | D:6      | Noticed Dowan
  4032 | D:6      | 4032 ||| RETREEEEATING.
  4037 | D:6      | HP: 13/58 [Duvessa/+0 short sword (8)]
  4038 | D:6      | 4038 ||| READING 3 scrolls of teleportation.
  4038 | D:6      | HP: 4/58 [Duvessa/+0 short sword (7)]
  4352 | D:6      | Killed Duvessa
  4353 | D:6      | Reached XP level 9. HP: 24/65 MP: 0/0
  4353 | D:6      | Learned a level 4 spell: Fulminant Prism
  4355 | D:6      | Killed Dowan
  4737 | D:6      | 4737 ||| UPGRADING to +0 acid dragon scales.
  4747 | D:6      | 4747 ||| DROPPING +0 ring mail.
  4748 | D:6      | 4748 ||| READING 2 scrolls of identify.
  4748 | D:6      | 4748 ||| IDENTIFYING brown potion
  4749 | D:6      | 4749 ||| READING scroll of identify.
  4749 | D:6      | 4749 ||| IDENTIFYING scroll labelled BARUWE KEMMUKYO
  4750 | D:6      | 4750 ||| DROPPING scroll of revelation.
  4840 | D:7      | HP: 13/65 [orc warrior/+0 battleaxe (15)]
  4841 | D:7      | 4841 ||| READING 3 scrolls of teleportation.
  4841 | D:7      | HP: 6/65 [orc warrior/+0 battleaxe (7)]
  5064 | D:7      | Found a stormy altar of Qazlal.
  5117 | D:7      | Reached * piety under Okawaru
  5131 | D:7      | Found a glowing golden altar of the Shining One.
  5189 | D:7      | Found a basalt altar of Yredelemnul.
  5219 | D:7      | Reached skill level 1 in Invocations
  5481 | D:7      | 5481 ||| RETREEEEATING.
  5485 | D:7      | 5485 ||| FLEEEEING.
  5491 | D:7      | Reached skill level 8 in Ranged Weapons
  5495 | D:7      | 5495 ||| RETREEEEATING.
  5497 | D:7      | 5497 ||| RETREEEEATING.
  5499 | D:7      | 5499 ||| RETREEEEATING.
  5500 | D:7      | 5500 ||| RETREEEEATING.
  5501 | D:7      | 5501 ||| RETREEEEATING.
  5502 | D:7      | 5502 ||| RETREEEEATING.
  5503 | D:7      | 5503 ||| RETREEEEATING.
  5506 | D:7      | 5506 ||| RETREEEEATING.
  5507 | D:7      | 5507 ||| RETREEEEATING.
  5508 | D:7      | 5508 ||| RETREEEEATING.
  5509 | D:7      | 5509 ||| RETREEEEATING.
  5514 | D:7      | Reached skill level 3 in Invocations
  5515 | D:7      | Reached ** piety under Okawaru
  5516 | D:7      | Reached skill level 6 in Dodging
  5834 | D:7      | 5834 ||| UPGRADING to +3 leather armour.
  5844 | D:7      | 5844 ||| DROPPING +0 acid dragon scales.
  5845 | D:7      | 5845 ||| READING scroll labelled QOUH RIGEAZU.
  5846 | D:7      | 5846 ||| DRINKING 2 sedimented puce potions.
  5998 | D:8      | 5998 ||| RETREEEEATING.
  6000 | D:8      | 6000 ||| RETREEEEATING.
  6001 | D:8      | 6001 ||| RETREEEEATING.
  6002 | D:8      | 6002 ||| RETREEEEATING.
  6003 | D:8      | 6003 ||| RETREEEEATING.
  6004 | D:8      | 6004 ||| RETREEEEATING.
  6005 | D:8      | 6005 ||| RETREEEEATING.
  6006 | D:8      | 6006 ||| RETREEEEATING.
  6008 | D:8      | 6008 ||| RETREEEEATING.
  6009 | D:8      | 6009 ||| RETREEEEATING.
  6010 | D:8      | 6010 ||| RETREEEEATING.
  6011 | D:8      | 6011 ||| RETREEEEATING.
  6012 | D:8      | 6012 ||| RETREEEEATING.
  6013 | D:8      | 6013 ||| RETREEEEATING.
  6016 | D:8      | Reached skill level 6 in Fighting
  6016 | D:8      | Reached XP level 10. HP: 44/72 MP: 0/0
  6017 | D:8      | 6017 ||| RETREEEEATING.
  6018 | D:8      | 6018 ||| RETREEEEATING.
  6019 | D:8      | 6019 ||| RETREEEEATING.
  6020 | D:8      | 6020 ||| RETREEEEATING.
  6021 | D:8      | 6021 ||| RETREEEEATING.
  6022 | D:8      | 6022 ||| RETREEEEATING.
  6023 | D:8      | 6023 ||| RETREEEEATING.
  6024 | D:8      | 6024 ||| RETREEEEATING.
  6025 | D:8      | 6025 ||| INVOKING Heroism.
  6040 | D:8      | Reached skill level 9 in Ranged Weapons
  6040 | D:8      | HP: 12/72 [yak (9)]
  6041 | D:8      | 6041 ||| READING 5 scrolls of teleportation.
  6042 | D:8      | HP: 3/72 [yak (10)]
  6508 | D:8      | Noticed a two-headed ogre
  6509 | D:8      | 6509 ||| INVOKING Heroism.
  6513 | D:8      | Killed a two-headed ogre
  6513 | D:8      | Reached *** piety under Okawaru
  6756 | D:8      | Noticed a komodo dragon
  6757 | D:8      | 6757 ||| INVOKING Heroism.
  6762 | D:8      | Killed a komodo dragon
  6945 | D:8      | Found Cunergh's Weapon Shop.
  7186 | D:8      | 7186 ||| DROPPING +1 robe of cold resistance.
  7248 | D:9      | You are sucked into a shaft and drop 3 floors!
  7248 | D:12     | Found a portal to a secret trove of treasure.
  7256 | D:11     | Noticed Snorg
  7257 | D:11     | 7257 ||| INVOKING Heroism.
  7265 | D:11     | Reached **** piety under Okawaru
  7266 | D:11     | Reached XP level 11. HP: 78/79 MP: 0/0
  7266 | D:11     | Learned a level 4 spell: Iskenderun's Mystic Blast
  7277 | D:11     | Noticed a deep elf pyromancer
  7282 | D:11     | 7282 ||| INVOKING Finesse.
  7283 | D:11     | 7283 ||| INVOKING Finesse.
  7283 | D:11     | HP: 19/79 [yak (5)]
  7284 | D:11     | 7284 ||| READING 4 scrolls of teleportation.
  7284 | D:11     | Slain by Snorg

Levels and vault maps discovered:
D:1:      amcnicky_arrival_choice, layout_rooms
D:2:      layout_basic, serial_shops, shop, serial_park_tiny_pond,
          supply_closet_lemuel
D:3:      minmay_roachtagon, layout_loops_ring, evilmike_ruin_ashenzari,
          shapermc_ecumenical_altar_mp_urbaneastern
D:4:      layout_rooms, gammafunk_ghost_smash, chequers_serial_rivers_micro_a,
          uniq_grinder
D:5:      layout_gridville
D:6:      layout_gridville, nicolae_elyvilon_temple_path,
          minmay_temple_entry_ruins, uniq_duvessa
D:7:      layout_layer_cave, lemuel_zombie_altar_yredelemnul,
          mainiacjoe_overflow_large_starburst, hangedman_decor_diamond_cutter
D:8:      layout_layer_cave, serial_shops, shop,
          serial_library_hellmonk_big_corner
D:9:      layout_rooms, mainiacjoe_overflow_chevrons
D:11:     layout_loops_ring, hangedman_abyss_or_decor_stagger,
          hellmonk_okawaru_the_only_friend_you_need, uniq_snorg
D:12:     minmay_mutant_horseshoe, layout_irregular_city, erik_orc_4,
          ebering_ghost_xom, enter_trove_1
Temple:   regret_index_temple_sphere_string

Skill      XL: |  1  2  3  4  5  6  7  8  9 10 |
---------------+-------------------------------+-----
Ranged Weapons | 4 5 7 8 9 |  9.6
Fighting       | 3 4 5 6 7 |  7.1
Dodging        | 3 4 6 8 |  8.0
Armour         | 4 |  4.2
Invocations    | 4 |  4.7
Stealth        | |  0.7

Action                     |  1- 3 |  4- 6 |  7- 9 | 10-12 || total
---------------------------+-------+-------+-------+-------++-------
   Fire: Shortbow          |    53 |       |       |       ||    53
         Orcbow            |    24 |    70 |   195 |    97 ||   386
 Invoke: Heroism           |       |       |       |     4 ||     4
         Finesse           |       |       |       |     1 ||     1
    Use: Scroll            |     7 |     7 |     8 |     2 ||    24
         Potion            |       |     1 |     2 |       ||     3
 Armour: Leather armour    |     9 |    19 |     3 |    29 ||    60
         Ring mail         |       |    24 |   114 |       ||   138
         Acid dragon scale |       |       |    24 |       ||    24
  Dodge: Dodged            |    13 |    40 |   102 |    68 ||   223

Table legend:
 A = Non-vault XP
 B = Vault XP
 C = Vault XP percentage of total XP
 D = Non-vault monster count
 E = Vault monster count
 F = Vault count percentage of total count
                 A         B        C        D         E       F
            +---------+---------+-------+---------+---------+-------
      Total |    7907 |     561 |   6.6 |     158 |      14 |   8.1
            +---------+---------+-------+---------+---------+-------
        D:1 |      36 |       0 |   0.0 |      19 |       0 |   0.0
        D:2 |      21 |       0 |   0.0 |      12 |       0 |   0.0
        D:3 |      41 |      18 |  30.5 |      17 |       9 |  34.6
        D:4 |      26 |     277 |  91.4 |      11 |       1 |   8.3
        D:5 |     922 |       0 |   0.0 |      28 |       0 |   0.0
        D:6 |     634 |     220 |  25.8 |      15 |       2 |  11.8
        D:7 |    1656 |      46 |   2.7 |      19 |       2 |   9.5
        D:8 |    3202 |       0 |   0.0 |      27 |       0 |   0.0
        D:9 |     212 |       0 |   0.0 |       3 |       0 |   0.0
       D:11 |    1157 |       0 |   0.0 |       7 |       0 |   0.0
            +---------+---------+-------+---------+---------+-------
